Workbook

Sheet Estudio de Mercadeo
C2: UNIDAD ADMINISTRATIVA ESPECIAL DE AERONAUTICA CIVIL
C3: ESTUDIO DE MERCADO
A4: MANTENIMIENTO DE LA BASE SEI DEL AEROPUERTO DE CALI
A6: ÍTEM | B6: CODIGO | C6: DESCRIPCIÓN | D6: UN | E6: CANT | F6: PRECIO GOBERNACION 2017 | G6: INCR 2018 | H6: INCR 2019 | I6: FD= 5% | J6: V/UNITARIO | K6: VALOR PARCIAL
A7: ADECUACIÓN DE ZONA DE ROPAS
A9: 1 | C9: OBRAS PRELIMINARES
A10: 1.1 | B10: 100113 | C10: LOCALIZACION-REPLANTEO OBRA ARQUITECTON. | D10: M2 | E10: 15 | F10: 3290 | G10: 1.0447 | H10: 1.033 | I10: 1.05 | J10: =F10*G10*H10*I10 -> 3728.0104 | K10: =E10*J10 -> 55920.156
A11: 1.2 | B11: 100124 | C11: CERRAMIENTO TELA FIB.TEJIDA H=2.10M-SINB | D11: ML | E11: 20 | F11: 15770 | G11: 1.0447 | H11: 1.033 | I11: 1.05 | J11: =F11*G11*H11*I11 -> 17869.521 | K11: =E11*J11 -> 357390.42
A12: 1.3 | B12: 100601 | C12: EXCAVACION A MANO | D12: M3 | E12: 1.2 | F12: 14680 | G12: 1.0447 | H12: 1.033 | I12: 1.05 | J12: =F12*G12*H12*I12 -> 16634.405 | K12: =E12*J12 -> 19961.286
A13: 1.4 | B13: APU | C13: EXCAVACION TIERRA A MANO | D13: ML | E13: 16 | F13: 11744 | G13: 1.0447 | H13: 1.033 | I13: 1.05 | J13: =F13*G13*H13*I13 -> 13307.524 | K13: =E13*J13 -> 212920.38
A14: 1.5 | B14: 330127 | C14: CORTADORA DE PAVIMENTO | D14: ML | E14: 48 | F14: 5360 | G14: 1.0447 | H14: 1.033 | I14: 1.05 | J14: =F14*G14*H14*I14 -> 6073.5975 | K14: =E14*J14 -> 291532.68
A15: 1.6 | B15: 10105 | C15: DEMOLICION LOSA EN CONCRETO | D15: M2 | E15: 15 | F15: 30850 | G15: 1.0447 | H15: 1.033 | I15: 1.05 | J15: =F15*G15*H15*I15 -> 34957.179 | K15: =E15*J15 -> 524357.69
A16: 1.7 | B16: 100607 | C16: RETIRO DE ESCOMBROS MANUAL VOLQUETA | D16: M3 | E16: 21 | F16: 16930 | G16: 1.0447 | H16: 1.033 | I16: 1.05 | J16: =F16*G16*H16*I16 -> 19183.956 | K16: =E16*J16 -> 402863.08
A17: 1.8 | B17: APU | C17: DISEÑO ARQUITECTONICO | D17: M2 | E17: 15 | F17: 29922 | G17: 1.0447 | H17: 1.033 | I17: 1.05 | J17: =F17*G17*H17*I17 -> 33905.631 | K17: =E17*J17 -> 508584.47
A19: 2 | C19: CIMENTACION
A20: 2.1 | B20: 120213 | C20: ZAPATA CONCRETO | D20: M3 | E20: 1.2 | F20: 316870 | G20: 1.0447 | H20: 1.033 | I20: 1.05 | J20: =F20*G20*H20*I20 -> 359056.12 | K20: =E20*J20 -> 430867.35
A21: 2.2 | B21: 120101 | C21: ACERO REFUERZO FLEJADO 60000 PSI 420Mpa | D21: KLS | E21: 500 | F21: 3100 | G21: 1.0447 | H21: 1.033 | I21: 1.05 | J21: =F21*G21*H21*I21 -> 3512.715 | K21: =E21*J21 -> 1756357.5
A22: 2.3 | B22: APU | C22: VIGA CIMIENTO ENLACE H=20-40 CMS | D22: ML | E22: 16 | F22: 48262 | G22: 1.0447 | H22: 1.033 | I22: 1.05 | J22: =F22*G22*H22*I22 -> 54687.306 | K22: =E22*J22 -> 874996.9
A23: 2.4 | B23: 10201 | C23: ACARREO MATERIALES PETREOS-TIERRA-VARIOS | D23: M3K | E23: 150 | F23: 1567 | G23: 1.0447 | H23: 1.033 | I23: 1.05 | J23: =F23*G23*H23*I23 -> 1775.6208 | K23: =E23*J23 -> 266343.11
A25: 3 | C25: INSTALACIONES HIDRAULICAS
A26: 3.1 | B26: 160801 | C26: PUNTO AGUA FRIA ,1/2" | D26: PTO | E26: 4 | F26: 35450 | G26: 1.0447 | H26: 1.033 | I26: 1.05 | J26: =F26*G26*H26*I26 -> 40169.595 | K26: =E26*J26 -> 160678.38
A27: 3.2 | B27: 250705 | C27: LAVADERO ENCHAPADO | D27: UND | E27: 1 | F27: 460000 | G27: 1.0447 | H27: 1.033 | I27: 1.05 | J27: =F27*G27*H27*I27 -> 521241.57 | K27: =E27*J27 -> 521241.57
A28: 3.3 | B28: 140203 | C28: LAVATRAPEADOR LADRILLO ENCHAPADO | D28: UND | E28: 1 | F28: 254680 | G28: 1.0447 | H28: 1.033 | I28: 1.05 | J28: =F28*G28*H28*I28 -> 288586.53 | K28: =E28*J28 -> 288586.53
A29: 3.4 | B29: 250511 | C29: LLAVE TERMINAL CROMADA ,1/2 PESADA | D29: UND | E29: 3 | F29: 39790 | G29: 1.0447 | H29: 1.033 | I29: 1.05 | J29: =F29*G29*H29*I29 -> 45087.396 | K29: =E29*J29 -> 135262.19
A30: 3.5 | B30: APU | C30: SUMINISTRO E INSTALACION TUBERIA PRESION ,1/2" | D30: ML | E30: 20 | F30: 6541 | G30: 1.0447 | H30: 1.033 | I30: 1.05 | J30: =F30*G30*H30*I30 -> 7411.8285 | K30: =E30*J30 -> 148236.57
A31: 3.6 | B31: APU | C31: EXCAVACION Y RELLENO PARA TUBERIAS HIDROSANITARIAS | D31: ML | E31: 15 | F31: 11744 | G31: 1.0447 | H31: 1.033 | I31: 1.05 | J31: =F31*G31*H31*I31 -> 13307.524 | K31: =E31*J31 -> 199612.86
A32: 3.7 | B32: APU | C32: SUMINISTRO E INSTALACION LLAVE RED WHITE | D32: UND | E32: 1 | F32: 75000 | G32: 1.0447 | H32: 1.033 | I32: 1.05 | J32: =F32*G32*H32*I32 -> 84985.039 | K32: =E32*J32 -> 84985.039
A34: 4 | C34: INSTALACIONES SANITARIAS
A35: 4.1 | B35: 150502 | C35: PUNTO SANITARIO PVC 2 | D35: PTO | E35: 4 | F35: 36954 | G35: 1.0447 | H35: 1.033 | I35: 1.05 | J35: =F35*G35*H35*I35 -> 41873.828 | K35: =E35*J35 -> 167495.31
A36: 4.2 | B36: APU | C36: TUB.PVC 3 SANI. | D36: ML | E36: 12 | F36: 18358 | G36: 1.0447 | H36: 1.033 | I36: 1.05 | J36: =F36*G36*H36*I36 -> 20802.071 | K36: =E36*J36 -> 249624.86
A37: 4.3 | B37: 150349 | C37: ABRAZADERA SANITARIA 2 | D37: UND | E37: 4 | F37: 3160 | G37: 1.0447 | H37: 1.033 | I37: 1.05 | J37: =F37*G37*H37*I37 -> 3580.703 | K37: =E37*J37 -> 14322.812
A38: 4.4 | B38: 110901 | C38: COLCHON ARENA-GRAVA TUBER.INCLUYE ACARREO | D38: M3 | E38: 1 | F38: 50809 | G38: 1.0447 | H38: 1.033 | I38: 1.05 | J38: =F38*G38*H38*I38 -> 57573.398 | K38: =E38*J38 -> 57573.398
A39: 4.5 | B39: 250611 | C39: REJILLA SOSCO 3 X 2 PULG ALUMINIO | D39: UND | E39: 3 | F39: 32147 | G39: 1.0447 | H39: 1.033 | I39: 1.05 | J39: =F39*G39*H39*I39 -> 36426.854 | K39: =E39*J39 -> 109280.56
A40: 4.6 | B40: APU | C40: ACCESORIOS SANITARIOS | D40: UND | E40: 10 | F40: 18000 | G40: 1.0447 | H40: 1.033 | I40: 1.05 | J40: =F40*G40*H40*I40 -> 20396.409 | K40: =E40*J40 -> 203964.09
A42: 5 | C42: INSTALACIONES ELECTRICAS
A43: 5.1 | B43: 170702 | C43: SALIDA TOMA TRIFILAR PARA LAVADORA | D43: UND | E43: 1 | F43: 100634 | G43: 1.0447 | H43: 1.033 | I43: 1.05 | J43: =F43*G43*H43*I43 -> 114031.79 | K43: =E43*J43 -> 114031.79
A44: 5.2 | B44: 51012 | C44: SAL TOMA 1F (C/T/A/TO:REGULADO P&S) | D44: UND | E44: 1 | F44: 83519 | G44: 1.0447 | H44: 1.033 | I44: 1.05 | J44: =F44*G44*H44*I44 -> 94638.206 | K44: =E44*J44 -> 94638.206
A45: 5.3 | B45: 170408 | C45: SAL LAMP EMT | D45: UND | E45: 2 | F45: 79230 | G45: 1.0447 | H45: 1.033 | I45: 1.05 | J45: =F45*G45*H45*I45 -> 89778.195 | K45: =E45*J45 -> 179556.39
A46: 5.4 | B46: 170510 | C46: SAL SWITCHE S3 (C/T/A:4#12/S3) | D46: UND | E46: 2 | F46: 112086 | G46: 1.0447 | H46: 1.033 | I46: 1.05 | J46: =F46*G46*H46*I46 -> 127008.44 | K46: =E46*J46 -> 254016.88
A47: 5.5 | B47: 170643 | C47: LAMP ELECTRONICA 2X2X32 LFS-CIELO-FALSO | D47: UND | E47: 2 | F47: 210210 | G47: 1.0447 | H47: 1.033 | I47: 1.05 | J47: =F47*G47*H47*I47 -> 238196.07 | K47: =E47*J47 -> 476392.14
A48: 5.6 | B48: 172531 | C48: INSTALACION LAMPARA 2X96 | D48: UND | E48: 2 | F48: 24599 | G48: 1.0447 | H48: 1.033 | I48: 1.05 | J48: =F48*G48*H48*I48 -> 27873.96 | K48: =E48*J48 -> 55747.919
A49: 5.7 | B49: 172533 | C49: INSTALACION SALIDA LAMPARA | D49: UND | E49: 2 | F49: 24869 | G49: 1.0447 | H49: 1.033 | I49: 1.05 | J49: =F49*G49*H49*I49 -> 28179.906 | K49: =E49*J49 -> 56359.812
A50: 5.8 | B50: 172529 | C50: INSTALACION SALIDA TOMA A 120V | D50: UND | E50: 2 | F50: 30030 | G50: 1.0447 | H50: 1.033 | I50: 1.05 | J50: =F50*G50*H50*I50 -> 34028.01 | K50: =E50*J50 -> 68056.019
A51: 5.9 | B51: 172535 | C51: INSTALACION SWITCHE | D51: UND | E51: 2 | F51: 5589 | G51: 1.0447 | H51: 1.033 | I51: 1.05 | J51: =F51*G51*H51*I51 -> 6333.0851 | K51: =E51*J51 -> 12666.17
A52: 5.1 | B52: 170319 | C52: ACOM.E 3F(3#4/0+1#4/0)3" | D52: ML | E52: 1.5 | F52: 301670 | G52: 1.0447 | H52: 1.033 | I52: 1.05 | J52: =F52*G52*H52*I52 -> 341832.49 | K52: =E52*J52 -> 512748.74
A53: 5.11 | B53: APU | C53: TUBERIA EMT 1/2 | D53: ML | E53: 10 | F53: 25000 | G53: 1.0447 | H53: 1.033 | I53: 1.05 | J53: =F53*G53*H53*I53 -> 28328.346 | K53: =E53*J53 -> 283283.46
A55: 6 | C55: ESTRUCTURAS
A56: 6.1 | B56: APU | C56: VIGA AEREA PARA CUBIERTA | D56: ML | E56: 16 | F56: 69611 | G56: 1.0447 | H56: 1.033 | I56: 1.05 | J56: =F56*G56*H56*I56 -> 78878.581 | K56: =E56*J56 -> 1262057.3
A57: 6.2 | B57: 130403 | C57: VIGAS Y COLUMNETAS CONCR AMARRE MURO | D57: ML | E57: 19 | F57: 24760 | G57: 1.0447 | H57: 1.033 | I57: 1.05 | J57: =F57*G57*H57*I57 -> 28056.394 | K57: =E57*J57 -> 533071.49
A58: 6.3 | B58: APU | C58: COLUMNA CONCRETO 3000 PSI | D58: ML | E58: 12 | F58: 71288 | G58: 1.0447 | H58: 1.033 | I58: 1.05 | J58: =F58*G58*H58*I58 -> 80778.846 | K58: =E58*J58 -> 969346.16
A60: 7 | C60: CUBIERTA
A61: 7.1 | B61: 180210 | C61: CUBIERTA MADERA | D61: M2 | E61: 21 | F61: 53419 | G61: 1.0447 | H61: 1.033 | I61: 1.05 | J61: =F61*G61*H61*I61 -> 60530.877 | K61: =E61*J61 -> 1271148.4
A62: 7.2 | B62: 180820 | C62: TEJA TERMOACUSTICA | D62: M2 | E62: 21 | F62: 136520 | G62: 1.0447 | H62: 1.033 | I62: 1.05 | J62: =F62*G62*H62*I62 -> 154695.43 | K62: =E62*J62 -> 3248604.1
A63: 7.3 | B63: 181105 | C63: CANAL GALVANIZADA | D63: ML | E63: 6 | F63: 54080 | G63: 1.0447 | H63: 1.033 | I63: 1.05 | J63: =F63*G63*H63*I63 -> 61279.879 | K63: =E63*J63 -> 367679.27
A64: 7.4 | B64: 181001 | C64: BAJANTE AGUAS LLUVIAS PVC CUADRADO CANAL | D64: ML | E64: 6 | F64: 37349 | G64: 1.0447 | H64: 1.033 | I64: 1.05 | J64: =F64*G64*H64*I64 -> 42321.416 | K64: =E64*J64 -> 253928.5
A65: 7.5 | B65: 181005 | C65: CODO BAJANTE 90 CANAL PVC | D65: UND | E65: 2 | F65: 9406 | G65: 1.0447 | H65: 1.033 | I65: 1.05 | J65: =F65*G65*H65*I65 -> 10658.257 | K65: =E65*J65 -> 21316.514
A66: 7.6 | B66: 181012 | C66: UNION BAJANTE CANAL AMAZONAS PVC | D66: UND | E66: 2 | F66: 21536 | G66: 1.0447 | H66: 1.033 | I66: 1.05 | J66: =F66*G66*H66*I66 -> 24403.171 | K66: =E66*J66 -> 48806.341
A67: 7.7 | B67: 160727 | C67: ABRAZADERA GALVANIZADA .1/2" | D67: UND | E67: 3 | F67: 2288 | G67: 1.0447 | H67: 1.033 | I67: 1.05 | J67: =F67*G67*H67*I67 -> 2592.6103 | K67: =E67*J67 -> 7777.8308
A69: 8 | C69: PISOS
A70: 8.1 | B70: APU | C70: PISO MORTERO | D70: M2 | E70: 15 | F70: 24500 | G70: 1.0447 | H70: 1.033 | I70: 1.05 | J70: =F70*G70*H70*I70 -> 27761.779 | K70: =E70*J70 -> 416426.69
A71: 8.2 | B71: 200222 | C71: CERAMICA 32.60-35.00X32.60-35.00 TRAF.4 | D71: M2 | E71: 15 | F71: 50760 | G71: 1.0447 | H71: 1.033 | I71: 1.05 | J71: =F71*G71*H71*I71 -> 57517.874 | K71: =E71*J71 -> 862768.12
A72: 8.3 | B72: 200133 | C72: CONTRAPISO CONCRETO | D72: M2 | E72: 15 | F72: 23450 | G72: 1.0447 | H72: 1.033 | I72: 1.05 | J72: =F72*G72*H72*I72 -> 26571.989 | K72: =E72*J72 -> 398579.83
A74: 9 | C74: MAMPOSTERIA
A75: 9.1 | B75: 140230 | C75: MURO CERRAMIENTO LADRILLO FAROL | D75: ML | E75: 16 | F75: 24930 | G75: 1.0447 | H75: 1.033 | I75: 1.05 | J75: =F75*G75*H75*I75 -> 28249.027 | K75: =E75*J75 -> 451984.43
A76: 9.2 | B76: APU | C76: ENCHAPE CERAMICA 20X20 -1 CALIDAD | D76: M2 | E76: 16 | F76: 49608 | G76: 1.0447 | H76: 1.033 | I76: 1.05 | J76: =F76*G76*H76*I76 -> 56212.504 | K76: =E76*J76 -> 899400.07
A77: 9.3 | B77: 190102 | C77: REPELLO COLUMNA+FILO 1:3 (1C) | D77: ML | E77: 48 | F77: 11850 | G77: 1.0447 | H77: 1.033 | I77: 1.05 | J77: =F77*G77*H77*I77 -> 13427.636 | K77: =E77*J77 -> 644526.54
A78: 9.4 | B78: APU | C78: REPELLO MURO 1:2 | D78: ML | E78: 48 | F78: 11850 | G78: 1.0447 | H78: 1.033 | I78: 1.05 | J78: =F78*G78*H78*I78 -> 13427.636 | K78: =E78*J78 -> 644526.54
A79: 9.5 | B79: APU | C79: ESTUCO SOBRE RESANE | D79: ML | E79: 32 | F79: 6463 | G79: 1.0447 | H79: 1.033 | I79: 1.05 | J79: =F79*G79*H79*I79 -> 7323.4441 | K79: =E79*J79 -> 234350.21
A80: 9.6 | B80: APU | C80: VINILO MURO TIPO 1 [3M] | D80: ML | E80: 32 | F80: 4818 | G80: 1.0447 | H80: 1.033 | I80: 1.05 | J80: =F80*G80*H80*I80 -> 5459.4389 | K80: =E80*J80 -> 174702.05
A82: 10 | C82: CERRAMIENTOS
A83: 10.1 | B83: 301206 | C83: SUMINISTRO CERRAMIENTO EN MALLA ESLABONADA FORADA PVC # 10 R. 2" | D83: M2 | E83: 32 | F83: 129434 | G83: 1.0447 | H83: 1.033 | I83: 1.05 | J83: =F83*G83*H83*I83 -> 146666.05 | K83: =E83*J83 -> 4693313.5
A84: 10.2 | B84: 301310 | C84: NAVE PUERTA TUBO C.13 MALLA(2x2.51-3.0) | D84: UND | E84: 1 | F84: 677859 | G84: 1.0447 | H84: 1.033 | I84: 1.05 | J84: =F84*G84*H84*I84 -> 768104.98 | K84: =E84*J84 -> 768104.98
A85: 10.3 | B85: 300902 | C85: INSTALACION MALLA ESLABONADA | D85: M2 | E85: 32 | F85: 9140 | G85: 1.0447 | H85: 1.033 | I85: 1.05 | J85: =F85*G85*H85*I85 -> 10356.843 | K85: =E85*J85 -> 331418.99
A86: 10.4 | B86: 310105 | C86: LIMPIEZA GENERAL | D86: M2 | E86: 15 | F86: 1750 | G86: 1.0447 | H86: 1.033 | I86: 1.05 | J86: =F86*G86*H86*I86 -> 1982.9842 | K86: =E86*J86 -> 29744.764
A88: ADECUACIÓN DE CANCHA MULTIPLE
A90: 11 | C90: OBRAS PRELIMINARES
A91: 11.1 | B91: 100113 | C91: LOCALIZACION-REPLANTEO | D91: M2 | E91: 704 | F91: 3290 | G91: 1.0447 | H91: 1.033 | I91: 1.05 | J91: =F91*G91*H91*I91 -> 3728.0104 | K91: =E91*J91 -> 2624519.3
A92: 11.2 | B92: 100124 | C92: CERRAMIENTO TELA FIB.TEJIDA H=2.10M-SINB | D92: ML | E92: 108 | F92: 15770 | G92: 1.0447 | H92: 1.033 | I92: 1.05 | J92: =F92*G92*H92*I92 -> 17869.521 | K92: =E92*J92 -> 1929908.3
A93: 11.3 | B93: 330127 | C93: CORTADORA DE PAVIMENTO | D93: ML | E93: 172 | F93: 5360 | G93: 1.0447 | H93: 1.033 | I93: 1.05 | J93: =F93*G93*H93*I93 -> 6073.5975 | K93: =E93*J93 -> 1044658.8
A94: 11.4 | B94: 10105 | C94: DEMOLICION LOSA EN CONCRETO | D94: M2 | E94: 111.8 | F94: 30850 | G94: 1.0447 | H94: 1.033 | I94: 1.05 | J94: =F94*G94*H94*I94 -> 34957.179 | K94: =E94*J94 -> 3908212.7
A95: 11.5 | B95: APU | C95: EXCAVACION TIERRA A MANO | D95: ML | E95: 96 | F95: 11744 | G95: 1.0447 | H95: 1.033 | I95: 1.05 | J95: =F95*G95*H95*I95 -> 13307.524 | K95: =E95*J95 -> 1277522.3
A96: 11.6 | B96: 20419 | C96: EMPALME TUB ALCANTARILLADO CAMARA CONCRETO | D96: UND | E96: 1 | F96: 122280 | G96: 1.0447 | H96: 1.033 | I96: 1.05 | J96: =F96*G96*H96*I96 -> 138559.61 | K96: =E96*J96 -> 138559.61
A98: 12 | C98: RELLENOS
A99: 12.1 | B99: APU | C99: SELLADOR ELASTICO FISURAS | D99: ML | E99: 90 | F99: 13870 | G99: 1.0447 | H99: 1.033 | I99: 1.05 | J99: =F99*G99*H99*I99 -> 15716.567 | K99: =E99*J99 -> 1414491
A100: 12.2 | B100: APU | C100: MALLA ELECTROSOLDADA | D100: M2 | E100: 704 | F100: 18745 | G100: 1.0447 | H100: 1.033 | I100: 1.05 | J100: =F100*G100*H100*I100 -> 21240.594 | K100: =E100*J100 -> 14953378
A101: 12.3 | B101: APU | C101: LOSA CONCRETO E=7-10CM | D101: M2 | E101: 704 | F101: 65650 | G101: 1.0447 | H101: 1.033 | I101: 1.05 | J101: =F101*G101*H101*I101 -> 74390.238 | K101: =E101*J101 -> 52370727
A102: 12.4 | B102: APU | C102: ADHERENTE EPOXICO LIBRE DE SOLVENTES CONCRETO NUEVO A ENDURECIDO | D102: M2 | E102: 111.8 | F102: 33790 | G102: 1.0447 | H102: 1.033 | I102: 1.05 | J102: =F102*G102*H102*I102 -> 38288.593 | K102: =E102*J102 -> 4280664.7
A104: 13 | C104: OBRA CIVIL Y GRAMA SINTETICA
A105: 13.1 | B105: APU | C105: GRAMA SINTETICA POLOPROPILENO ARGOLLADA INCLUYE FRANJAS DE DEMARCACION | D105: M2 | E105: 704 | F105: 85072 | G105: 1.0447 | H105: 1.033 | I105: 1.05 | J105: =F105*G105*H105*I105 -> 96397.963 | K105: =E105*J105 -> 67864166
A106: 13.2 | B106: 200115 | C106: CANAL EN CONCRETO | D106: ML | E106: 86 | F106: 63240 | G106: 1.0447 | H106: 1.033 | I106: 1.05 | J106: =F106*G106*H106*I106 -> 71659.385 | K106: =E106*J106 -> 6162707.1
A107: 13.3 | B107: APU | C107: REJILLA EN ADOQUIN | D107: ML | E107: 86 | F107: 52000 | G107: 1.0447 | H107: 1.033 | I107: 1.05 | J107: =F107*G107*H107*I107 -> 58922.96 | K107: =E107*J107 -> 5067374.6
A108: 13.4 | B108: 110105 | C108: CAJA DE ALCANTARILLADO | D108: UND | E108: 2 | F108: 226520 | G108: 1.0447 | H108: 1.033 | I108: 1.05 | J108: =F108*G108*H108*I108 -> 256677.48 | K108: =E108*J108 -> 513354.96
A109: 13.5 | B109: 111001 | C109: TAPA CAJA MARCO ANGULO | D109: UND | E109: 2 | F109: 100720 | G109: 1.0447 | H109: 1.033 | I109: 1.05 | J109: =F109*G109*H109*I109 -> 114129.24 | K109: =E109*J109 -> 228258.48
A110: 13.6 | B110: 80408 | C110: TRANSPORTE DE EQUIPO | D110: T/K | E110: 1554 | F110: 890 | G110: 1.0447 | H110: 1.033 | I110: 1.05 | J110: =F110*G110*H110*I110 -> 1008.4891 | K110: =E110*J110 -> 1567192.1
A112: 14 | C112: CERRAMIENTO
A113: 14.1 | B113: APU | C113: TUBO GALV X 6 MTS | D113: UND | E113: 6 | F113: 93270 | G113: 1.0447 | H113: 1.033 | I113: 1.05 | J113: =F113*G113*H113*I113 -> 105687.39 | K113: =E113*J113 -> 634124.37
A114: 14.2 | B114: APU | C114: MALLAS DEPORTIVAS EN NYLON ENKA 100% DE ALTA RESISTENCIA Y CON PROTECCION UV | D114: M2 | E114: 654 | F114: 11400 | G114: 1.0447 | H114: 1.033 | I114: 1.05 | J114: =F114*G114*H114*I114 -> 12917.726 | K114: =E114*J114 -> 8448192.8
A115: 14.3 | B115: APU | C115: PEDESTAL CONCRETO | D115: UND | E115: 6 | F115: 356880 | G115: 1.0447 | H115: 1.033 | I115: 1.05 | J115: =F115*G115*H115*I115 -> 404392.81 | K115: =E115*J115 -> 2426356.9
A117: 15 | C117: INSTALACIONES SANITARIAS
A118: 15.1 | B118: 20705 | C118: TUB PVC NOVAFORT 6" | D118: ML | E118: 10 | F118: 46880 | G118: 1.0447 | H118: 1.033 | I118: 1.05 | J118: =F118*G118*H118*I118 -> 53121.315 | K118: =E118*J118 -> 531213.15
...

Sheet PRESUPUESTO
C1: FORMATO
C2: PRESUPUESTO OFICIAL
A3: Principio de Procedencia: 1400.092.1
A4: OBJETO: MANTENIMIENTO DE LA BASE SEI DEL AEROPUERTO DE CALI
A6: ÍTEM | B6: DESCRIPCIÓN | C6: UN | D6: CANT | E6: V/UNITARIO | F6: VALOR PARCIAL
A8: ADECUACIÓN DE ZONA DE ROPAS
A10: 1 | B10: OBRAS PRELIMINARES
A11: 1.1 | B11: LOCALIZACION-REPLANTEO OBRA ARQUITECTON. | C11: M2 | D11: 15 | E11: =+'Estudio de Mercadeo'!J10 -> 3728.0104 | F11: =D11*E11 -> 55920.156
A12: 1.2 | B12: CERRAMIENTO TELA FIB.TEJIDA H=2.10M-SINB | C12: ML | D12: 20 | E12: =+'Estudio de Mercadeo'!J11 -> 17869.521 | F12: =D12*E12 -> 357390.42
A13: 1.3 | B13: EXCAVACION A MANO | C13: M3 | D13: 1.2 | E13: =+'Estudio de Mercadeo'!J12 -> 16634.405 | F13: =D13*E13 -> 19961.286
A14: 1.4 | B14: EXCAVACION TIERRA A MANO | C14: ML | D14: 16 | E14: =+'Estudio de Mercadeo'!J13 -> 13307.524 | F14: =D14*E14 -> 212920.38
A15: 1.5 | B15: CORTADORA DE PAVIMENTO | C15: ML | D15: 48 | E15: =+'Estudio de Mercadeo'!J14 -> 6073.5975 | F15: =D15*E15 -> 291532.68
A16: 1.6 | B16: DEMOLICION LOSA EN CONCRETO | C16: M2 | D16: 15 | E16: =+'Estudio de Mercadeo'!J15 -> 34957.179 | F16: =D16*E16 -> 524357.69
A17: 1.7 | B17: RETIRO DE ESCOMBROS MANUAL VOLQUETA | C17: M3 | D17: 21 | E17: =+'Estudio de Mercadeo'!J16 -> 19183.956 | F17: =D17*E17 -> 402863.08
A18: 1.8 | B18: DISEÑO ARQUITECTONICO | C18: M2 | D18: 15 | E18: =+'Estudio de Mercadeo'!J17 -> 33905.631 | F18: =D18*E18 -> 508584.47
A20: 2 | B20: CIMENTACION
A21: 2.1 | B21: ZAPATA CONCRETO | C21: M3 | D21: 1.2 | E21: =+'Estudio de Mercadeo'!J20 -> 359056.12 | F21: =D21*E21 -> 430867.35
A22: 2.2 | B22: ACERO REFUERZO FLEJADO 60000 PSI 420Mpa | C22: KLS | D22: 500 | E22: =+'Estudio de Mercadeo'!J21 -> 3512.715 | F22: =D22*E22 -> 1756357.5
A23: 2.3 | B23: VIGA CIMIENTO ENLACE H=20-40 CMS | C23: ML | D23: 16 | E23: =+'Estudio de Mercadeo'!J22 -> 54687.306 | F23: =D23*E23 -> 874996.9
A24: 2.4 | B24: ACARREO MATERIALES PETREOS-TIERRA-VARIOS | C24: M3K | D24: 150 | E24: =+'Estudio de Mercadeo'!J23 -> 1775.6208 | F24: =D24*E24 -> 266343.11
A26: 3 | B26: INSTALACIONES HIDRAULICAS
A27: 3.1 | B27: PUNTO AGUA FRIA ,1/2" | C27: PTO | D27: 4 | E27: =+'Estudio de Mercadeo'!J26 -> 40169.595 | F27: =D27*E27 -> 160678.38
A28: 3.2 | B28: LAVADERO ENCHAPADO | C28: UND | D28: 1 | E28: =+'Estudio de Mercadeo'!J27 -> 521241.57 | F28: =D28*E28 -> 521241.57
A29: 3.3 | B29: LAVATRAPEADOR LADRILLO ENCHAPADO | C29: UND | D29: 1 | E29: =+'Estudio de Mercadeo'!J28 -> 288586.53 | F29: =D29*E29 -> 288586.53
A30: 3.4 | B30: LLAVE TERMINAL CROMADA ,1/2 PESADA | C30: UND | D30: 3 | E30: =+'Estudio de Mercadeo'!J29 -> 45087.396 | F30: =D30*E30 -> 135262.19
A31: 3.5 | B31: SUMINISTRO E INSTALACION TUBERIA PRESION ,1/2" | C31: ML | D31: 20 | E31: =+'Estudio de Mercadeo'!J30 -> 7411.8285 | F31: =D31*E31 -> 148236.57
A32: 3.6 | B32: EXCAVACION Y RELLENO PARA TUBERIAS HIDROSANITARIAS | C32: ML | D32: 15 | E32: =+'Estudio de Mercadeo'!J31 -> 13307.524 | F32: =D32*E32 -> 199612.86
A33: 3.7 | B33: SUMINISTRO E INSTALACION LLAVE RED WHITE | C33: UND | D33: 1 | E33: =+'Estudio de Mercadeo'!J32 -> 84985.039 | F33: =D33*E33 -> 84985.039
A35: 4 | B35: INSTALACIONES SANITARIAS
A36: 4.1 | B36: PUNTO SANITARIO PVC 2 | C36: PTO | D36: 4 | E36: =+'Estudio de Mercadeo'!J35 -> 41873.828 | F36: =D36*E36 -> 167495.31
A37: 4.2 | B37: TUB.PVC 3 SANI. | C37: ML | D37: 12 | E37: =+'Estudio de Mercadeo'!J36 -> 20802.071 | F37: =D37*E37 -> 249624.86
A38: 4.3 | B38: ABRAZADERA SANITARIA 2 | C38: UND | D38: 4 | E38: =+'Estudio de Mercadeo'!J37 -> 3580.703 | F38: =D38*E38 -> 14322.812
A39: 4.4 | B39: COLCHON ARENA-GRAVA TUBER.INCLUYE ACARREO | C39: M3 | D39: 1 | E39: =+'Estudio de Mercadeo'!J38 -> 57573.398 | F39: =D39*E39 -> 57573.398
A40: 4.5 | B40: REJILLA SOSCO 3 X 2 PULG ALUMINIO | C40: UND | D40: 3 | E40: =+'Estudio de Mercadeo'!J39 -> 36426.854 | F40: =D40*E40 -> 109280.56
A41: 4.6 | B41: ACCESORIOS SANITARIOS | C41: UND | D41: 10 | E41: =+'Estudio de Mercadeo'!J40 -> 20396.409 | F41: =D41*E41 -> 203964.09
A43: 5 | B43: INSTALACIONES ELECTRICAS
A44: 5.1 | B44: SALIDA TOMA TRIFILAR PARA LAVADORA | C44: UND | D44: 1 | E44: =+'Estudio de Mercadeo'!J43 -> 114031.79 | F44: =D44*E44 -> 114031.79
A45: 5.2 | B45: SAL TOMA 1F (C/T/A/TO:REGULADO P&S) | C45: UND | D45: 1 | E45: =+'Estudio de Mercadeo'!J44 -> 94638.206 | F45: =D45*E45 -> 94638.206
A46: 5.3 | B46: SAL LAMP EMT | C46: UND | D46: 2 | E46: =+'Estudio de Mercadeo'!J45 -> 89778.195 | F46: =D46*E46 -> 179556.39
A47: 5.4 | B47: SAL SWITCHE S3 (C/T/A:4#12/S3) | C47: UND | D47: 2 | E47: =+'Estudio de Mercadeo'!J46 -> 127008.44 | F47: =D47*E47 -> 254016.88
A48: 5.5 | B48: LAMP ELECTRONICA 2X2X32 LFS-CIELO-FALSO | C48: UND | D48: 2 | E48: =+'Estudio de Mercadeo'!J47 -> 238196.07 | F48: =D48*E48 -> 476392.14
A49: 5.6 | B49: INSTALACION LAMPARA 2X96 | C49: UND | D49: 2 | E49: =+'Estudio de Mercadeo'!J48 -> 27873.96 | F49: =D49*E49 -> 55747.919
A50: 5.7 | B50: INSTALACION SALIDA LAMPARA | C50: UND | D50: 2 | E50: =+'Estudio de Mercadeo'!J49 -> 28179.906 | F50: =D50*E50 -> 56359.812
A51: 5.8 | B51: INSTALACION SALIDA TOMA A 120V | C51: UND | D51: 2 | E51: =+'Estudio de Mercadeo'!J50 -> 34028.01 | F51: =D51*E51 -> 68056.019
A52: 5.9 | B52: INSTALACION SWITCHE | C52: UND | D52: 2 | E52: =+'Estudio de Mercadeo'!J51 -> 6333.0851 | F52: =D52*E52 -> 12666.17
A53: 5.1 | B53: ACOM.E 3F(3#4/0+1#4/0)3" | C53: ML | D53: 1.5 | E53: =+'Estudio de Mercadeo'!J52 -> 341832.49 | F53: =D53*E53 -> 512748.74
A54: 5.11 | B54: TUBERIA EMT 1/2 | C54: ML | D54: 10 | E54: =+'Estudio de Mercadeo'!J53 -> 28328.346 | F54: =D54*E54 -> 283283.46
A56: 6 | B56: ESTRUCTURAS
A57: 6.1 | B57: VIGA AEREA PARA CUBIERTA | C57: ML | D57: 16 | E57: =+'Estudio de Mercadeo'!J56 -> 78878.581 | F57: =D57*E57 -> 1262057.3
A58: 6.2 | B58: VIGA Y COLUMNETAS CONCR AMARRE MURO | C58: ML | D58: 19 | E58: =+'Estudio de Mercadeo'!J57 -> 28056.394 | F58: =D58*E58 -> 533071.49
A59: 6.3 | B59: COLUMNA CONCRETO 3000 PSI | C59: ML | D59: 12 | E59: =+'Estudio de Mercadeo'!J58 -> 80778.846 | F59: =D59*E59 -> 969346.16
A61: 7 | B61: CUBIERTA
A62: 7.1 | B62: CUBIERTA MADERA | C62: M2 | D62: 21 | E62: =+'Estudio de Mercadeo'!J61 -> 60530.877 | F62: =D62*E62 -> 1271148.4
A63: 7.2 | B63: TEJA TERMOACUSTICA | C63: M2 | D63: 21 | E63: =+'Estudio de Mercadeo'!J62 -> 154695.43 | F63: =D63*E63 -> 3248604.1
A64: 7.3 | B64: CANAL GALVANIZADA | C64: ML | D64: 6 | E64: =+'Estudio de Mercadeo'!J63 -> 61279.879 | F64: =D64*E64 -> 367679.27
A65: 7.4 | B65: BAJANTE AGUAS LLUVIAS PVC CUADRADO CANAL | C65: ML | D65: 6 | E65: =+'Estudio de Mercadeo'!J64 -> 42321.416 | F65: =D65*E65 -> 253928.5
A66: 7.5 | B66: CODO BAJANTE 90 CANAL PVC | C66: UND | D66: 2 | E66: =+'Estudio de Mercadeo'!J65 -> 10658.257 | F66: =D66*E66 -> 21316.514
A67: 7.6 | B67: UNION BAJANTE CANAL AMAZONAS PVC | C67: UND | D67: 2 | E67: =+'Estudio de Mercadeo'!J66 -> 24403.171 | F67: =D67*E67 -> 48806.341
A68: 7.7 | B68: ABRAZADERA GALVANIZADA .1/2" | C68: UND | D68: 3 | E68: =+'Estudio de Mercadeo'!J67 -> 2592.6103 | F68: =D68*E68 -> 7777.8308
A70: 8 | B70: PISOS
A71: 8.1 | B71: PISO MORTERO | C71: M2 | D71: 15 | E71: =+'Estudio de Mercadeo'!J70 -> 27761.779 | F71: =D71*E71 -> 416426.69
A72: 8.2 | B72: CERAMICA 32.60-35.00X32.60-35.00 TRAF.4 | C72: M2 | D72: 15 | E72: =+'Estudio de Mercadeo'!J71 -> 57517.874 | F72: =D72*E72 -> 862768.12
A73: 8.3 | B73: CONTRAPISO CONCRETO | C73: M2 | D73: 15 | E73: =+'Estudio de Mercadeo'!J72 -> 26571.989 | F73: =D73*E73 -> 398579.83
A75: 9 | B75: MAMPOSTERIA
A76: 9.1 | B76: MURO CERRAMIENTO LADRILLO FAROL | C76: ML | D76: 16 | E76: =+'Estudio de Mercadeo'!J75 -> 28249.027 | F76: =D76*E76 -> 451984.43
A77: 9.2 | B77: ENCHAPE CERAMICA 20X20 -1 CALIDAD | C77: M2 | D77: 16 | E77: =+'Estudio de Mercadeo'!J76 -> 56212.504 | F77: =D77*E77 -> 899400.07
A78: 9.3 | B78: REPELLO COLUMNA+FILO 1:3 (1C) | C78: ML | D78: 48 | E78: =+'Estudio de Mercadeo'!J77 -> 13427.636 | F78: =D78*E78 -> 644526.54
A79: 9.4 | B79: REPELLO MURO 1:2 | C79: ML | D79: 48 | E79: =+'Estudio de Mercadeo'!J78 -> 13427.636 | F79: =D79*E79 -> 644526.54
A80: 9.5 | B80: ESTUCO SOBRE RESANE | C80: ML | D80: 32 | E80: =+'Estudio de Mercadeo'!J79 -> 7323.4441 | F80: =D80*E80 -> 234350.21
A81: 9.6 | B81: VINILO MURO TIPO 1 [3M] | C81: ML | D81: 32 | E81: =+'Estudio de Mercadeo'!J80 -> 5459.4389 | F81: =D81*E81 -> 174702.05
A83: 10 | B83: CERRAMIENTOS
A84: 10.1 | B84: MALLA ESLABONADA FORADA PVC # 10 R. 2" | C84: M2 | D84: 32 | E84: =+'Estudio de Mercadeo'!J83 -> 146666.05 | F84: =D84*E84 -> 4693313.5
A85: 10.2 | B85: NAVE PUERTA TUBO C.13 MALLA(2x2.51-3.0) | C85: UND | D85: 1 | E85: =+'Estudio de Mercadeo'!J84 -> 768104.98 | F85: =D85*E85 -> 768104.98
A86: 10.3 | B86: INSTALACION MALLA ESLABONADA | C86: M2 | D86: 32 | E86: =+'Estudio de Mercadeo'!J85 -> 10356.843 | F86: =D86*E86 -> 331418.99
A87: 10.4 | B87: LIMPIEZA GENERAL | C87: M2 | D87: 15 | E87: =+'Estudio de Mercadeo'!J86 -> 1982.9842 | F87: =D87*E87 -> 29744.764
A89: ADECUACIÓN DE CANCHA MULTIPLE
A91: 11 | B91: OBRAS PRELIMINARES
A92: 11.1 | B92: LOCALIZACION-REPLANTEO | C92: M2 | D92: 704 | E92: =+'Estudio de Mercadeo'!J91 -> 3728.0104 | F92: =D92*E92 -> 2624519.3
A93: 11.2 | B93: CERRAMIENTO TELA FIB.TEJIDA H=2.10M-SINB | C93: ML | D93: 108 | E93: =+'Estudio de Mercadeo'!J92 -> 17869.521 | F93: =D93*E93 -> 1929908.3
A94: 11.3 | B94: CORTADORA DE PAVIMENTO | C94: ML | D94: 172 | E94: =+'Estudio de Mercadeo'!J93 -> 6073.5975 | F94: =D94*E94 -> 1044658.8
A95: 11.4 | B95: DEMOLICION LOSA EN CONCRETO | C95: M2 | D95: 111.8 | E95: =+'Estudio de Mercadeo'!J94 -> 34957.179 | F95: =D95*E95 -> 3908212.7
A96: 11.5 | B96: EXCAVACION TIERRA A MANO | C96: ML | D96: 96 | E96: =+'Estudio de Mercadeo'!J95 -> 13307.524 | F96: =D96*E96 -> 1277522.3
A97: 11.6 | B97: EMPALME TUB CAMARA CONCRETO | C97: UND | D97: 1 | E97: =+'Estudio de Mercadeo'!J96 -> 138559.61 | F97: =D97*E97 -> 138559.61
A99: 12 | B99: RELLENOS
A100: 12.1 | B100: SELLADOR ELASTICO FISURAS (JUNTA 1X1 CM) | C100: ML | D100: 90 | E100: =+'Estudio de Mercadeo'!J99 -> 15716.567 | F100: =D100*E100 -> 1414491
A101: 12.2 | B101: MALLA ELECTROSOLDADA | C101: M2 | D101: 704 | E101: =+'Estudio de Mercadeo'!J100 -> 21240.594 | F101: =D101*E101 -> 14953378
A102: 12.3 | B102: LOSA CONCRETO E=7-10CM | C102: M2 | D102: 704 | E102: =+'Estudio de Mercadeo'!J101 -> 74390.238 | F102: =D102*E102 -> 52370727
A103: 12.4 | B103: ADHERENTE EPOXICO LIBRE DE SOLVENTES CONCRETO NUEVO A ENDURECIDO | C103: M2 | D103: 111.8 | E103: =+'Estudio de Mercadeo'!J102 -> 38288.593 | F103: =D103*E103 -> 4280664.7
A105: 13 | B105: OBRA CIVIL Y GRAMA SINTETICA
A106: 13.1 | B106: GRAMA SINTETICA POLOPROPILENO ARGOLLADA INCLUYE FRANJAS DE DEMARCACION | C106: M2 | D106: 704 | E106: =+'Estudio de Mercadeo'!J105 -> 96397.963 | F106: =D106*E106 -> 67864166
A107: 13.2 | B107: CANAL EN CONCRETO | C107: ML | D107: 86 | E107: =+'Estudio de Mercadeo'!J106 -> 71659.385 | F107: =D107*E107 -> 6162707.1
A108: 13.3 | B108: REJILLA EN ADOQUIN | C108: ML | D108: 86 | E108: =+'Estudio de Mercadeo'!J107 -> 58922.96 | F108: =D108*E108 -> 5067374.6
A109: 13.4 | B109: CAJA DE ALCANTARILLADO | C109: UND | D109: 2 | E109: =+'Estudio de Mercadeo'!J108 -> 256677.48 | F109: =D109*E109 -> 513354.96
A110: 13.5 | B110: TAPA CAJA MARCO ANGULO | C110: UND | D110: 2 | E110: =+'Estudio de Mercadeo'!J109 -> 114129.24 | F110: =D110*E110 -> 228258.48
A111: 13.6 | B111: TRANSPORTE DE EQUIPO | C111: T/K | D111: 1554 | E111: =+'Estudio de Mercadeo'!J110 -> 1008.4891 | F111: =D111*E111 -> 1567192.1
A113: 14 | B113: CERRAMIENTO
A114: 14.1 | B114: TUBO GALV X 6 MTS | C114: UND | D114: 6 | E114: =+'Estudio de Mercadeo'!J113 -> 105687.39 | F114: =D114*E114 -> 634124.37
A115: 14.2 | B115: MALLAS DEPORTIVAS EN NYLON ENKA 100% DE ALTA RESISTENCIA Y CON PROTECCION UV | C115: M2 | D115: 654 | E115: =+'Estudio de Mercadeo'!J114 -> 12917.726 | F115: =D115*E115 -> 8448192.8
A116: 14.3 | B116: PEDESTAL CONCRETO | C116: UND | D116: 6 | E116: =+'Estudio de Mercadeo'!J115 -> 404392.81 | F116: =D116*E116 -> 2426356.9
A118: 15 | B118: INSTALACIONES SANITARIAS
...

Sheet ANALISIS
D1: Aplicación SAGUT Cel. 310 824 6976 | F1: Duración120 Días | G1: Vr. Presup. | H1: 279593811 | Q1: calima | S1: 0 | T1: INCREMENTO POR DISTANCIA | Z1: 159 | CG1: - | CH1: - | CI1: -
A2: CD | I2: 1 | Q2: calima | R2: 0.1 | S2: 0
A3: 1 | D3: CD | E3: 0.28 | F3: 0.19 | G3: 0.05 | H3: 0.04 | I3: 0.19 | J3: MODIF | L3: 3 | M3: 8 | N3: ENCAB | O3: ITEM: DESCRIPCION | P3: 0 | Q3: 0
F4: ANALISIS DE PRECIOS UNITARIOS | L4: 4 | O4: Item Básico: | P4: Básico
C6: OBJETO: MANTENIMIENTO DE LA BASE SEI DEL AEROPUERTO DE CALI | G6: FECHA: | H6: 43594
L7: FilaAna | M7: Fila It | N7: Cod It | O7: descrip It | P7: Descrip Cap | Q7: FilaCap
C10: EXCAVACION TIERRA A MANO | H10: UNIDAD: ML
H11: ITEM: 1.4
C12: DESCRIPCION | D12: UND | E12: CANT. | F12: DESP.% | G12: PRECIO UNIT | H12: VALOR TOTAL
C14: MANO DE OBRA
C15: M.O. ALBANILERIA 3 AYUDANTE | D15: HC | E15: 0.5268 | F15: 0 | G15: 21786 | H15: =E15*G15 -> 11476.865
G16: SUBTOTAL MANO DE OBRA | H16: =SUM(H15) -> 11476.865
C17: EQUIPO
C18: HERRAMIENTA MENOR | D18: GLB | E18: 0.167 | G18: 1600 | H18: =E18*G18 -> 267.2
G19: SUBTOTAL EQUIPO | H19: =SUM(H18) -> 267.2
C20: OTROS
G22: SUBTOTAL OTROS | H22: 0
F24: COSTO DIRECTO | G24: =SUM(H16+H19) -> 11744.065 | H24: 11744
C27: DISEÑO ARQUITECTONICO | H27: UNIDAD: M2
H28: ITEM: 1.8
C29: DESCRIPCION | D29: UND | E29: CANT. | F29: DESP.% | G29: PRECIO UNIT | H29: VALOR TOTAL
C31: MANO DE OBRA
C32: ARQUITECTO | D32: HC | E32: 0.1 | F32: 0 | G32: 20500 | H32: =E32*G32 -> 2050
C33: INGENIERO CIVIL | D33: HC | E33: 0.3 | F33: 0 | G33: 20500 | H33: =E33*G33 -> 6150
C34: INGENIERO DE SUELOS | D34: HC | E34: 0.08 | F34: 0 | G34: 20500 | H34: =E34*G34 -> 1640
C35: DIBUJANTE ARQUITECTURA- INGENIERIA | D35: HC | E35: 0.8915 | F35: 0 | G35: 22526 | H35: =E35*G35 -> 20081.929
G36: SUBTOTAL MANO DE OBRA | H36: =SUM(H32:H35) -> 29921.929
G38: SUBTOTAL OTROS | H38: 0
F40: COSTO DIRECTO | G40: =SUM(H36) -> 29921.929 | H40: 29922
A43: ITEM 080111 | C43: VIGA CIMIENTO ENLACE H=20-40 CMS | H43: UNIDAD: ML | I43: CANT. TOTAL | J43: VR. TOTAL | L43: 87 | M43: 12 | N43: 080111 | O43: 1.1: LOCALIZACION-REPLANTEO VIAS NO URBANAS | P43: CAP. 1: PLACA HUELLA TRAMO 1 DE ESTACION POLICIA A V.O.R. | Q43: 10
H44: ITEM: 2.3 | I44: 189 | L44: 88 | M44: 12 | N44: 080111 | O44: 1.1: LOCALIZACION-REPLANTEO VIAS NO URBANAS | P44: CAP. 1: PLACA HUELLA TRAMO 1 DE ESTACION POLICIA A V.O.R. | Q44: 10
A45: CODIGO | C45: DESCRIPCION | D45: UND | E45: CANT. | F45: DESP.% | G45: PRECIO UNIT | H45: VALOR TOTAL | J45: VALOR TOTAL | L45: 89 | M45: 12 | N45: 080111 | O45: 1.1: LOCALIZACION-REPLANTEO VIAS NO URBANAS | P45: CAP. 1: PLACA HUELLA TRAMO 1 DE ESTACION POLICIA A V.O.R. | Q45: 10
L46: 90 | M46: 12 | N46: 080111 | O46: 1.1: LOCALIZACION-REPLANTEO VIAS NO URBANAS | P46: CAP. 1: PLACA HUELLA TRAMO 1 DE ESTACION POLICIA A V.O.R. | Q46: 10
A47: G1 | C47: MATERIALES | L47: 91 | M47: 12 | N47: 080111 | O47: 1.1: LOCALIZACION-REPLANTEO VIAS NO URBANAS | P47: CAP. 1: PLACA HUELLA TRAMO 1 DE ESTACION POLICIA A V.O.R. | Q47: 10
A48: 103093 | B48: VARIOS | C48: PUNTILLA | D48: LBS | E48: 0.1 | F48: 0 | G48: 2400 | H48: =E48*G48 -> 240 | I48: 1.89 | J48: 160650 | L48: 93 | M48: 12 | N48: 080111 | O48: 1.1: LOCALIZACION-REPLANTEO VIAS NO URBANAS | P48: CAP. 1: PLACA HUELLA TRAMO 1 DE ESTACION POLICIA A V.O.R. | Q48: 10
C49: TABLA | D49: UND | E49: 0.55 | F49: 0 | G49: 1066 | H49: =E49*G49 -> 586.3
C50: VARETA | D50: UND | E50: 0.267 | F50: 0 | G50: 3200 | H50: =E50*G50 -> 854.4
C51: MEZCLA CONCRETO 3000 PSI | D51: M3 | E51: 0.105 | F51: 0 | G51: 242245 | H51: =E51*G51 -> 25435.725
A52: STG1 | G52: SUBTOTAL MATERIALES | H52: =SUM(H48:H51) -> 27116.425 | J52: 193725 | L52: 94 | M52: 12 | N52: 080111 | O52: 1.1: LOCALIZACION-REPLANTEO VIAS NO URBANAS | P52: CAP. 1: PLACA HUELLA TRAMO 1 DE ESTACION POLICIA A V.O.R. | Q52: 10
A53: G2 | C53: MANO DE OBRA | L53: 95 | M53: 12 | N53: 080111 | O53: 1.1: LOCALIZACION-REPLANTEO VIAS NO URBANAS | P53: CAP. 1: PLACA HUELLA TRAMO 1 DE ESTACION POLICIA A V.O.R. | Q53: 10
A54: 200028 | B54: MANO DE OBRA | C54: M.O. ALBANILERIA 1 AYUDANTE | D54: HC | E54: 2.8879 | F54: 0 | G54: 7262 | H54: =E54*G54 -> 20971.93 | I54: 3.78 | J54: 247624.02 | L54: 96 | M54: 12 | N54: 080111 | O54: 1.1: LOCALIZACION-REPLANTEO VIAS NO URBANAS | P54: CAP. 1: PLACA HUELLA TRAMO 1 DE ESTACION POLICIA A V.O.R. | Q54: 10
A55: STG2 | G55: SUBTOTAL MANO DE OBRA | H55: =SUM(H54) -> 20971.93 | J55: 247624.02 | L55: 97 | M55: 12 | N55: 080111 | O55: 1.1: LOCALIZACION-REPLANTEO VIAS NO URBANAS | P55: CAP. 1: PLACA HUELLA TRAMO 1 DE ESTACION POLICIA A V.O.R. | Q55: 10
A56: G3 | C56: EQUIPO | L56: 98 | M56: 12 | N56: 080111 | O56: 1.1: LOCALIZACION-REPLANTEO VIAS NO URBANAS | P56: CAP. 1: PLACA HUELLA TRAMO 1 DE ESTACION POLICIA A V.O.R. | Q56: 10
A57: 300026 | B57: EQUIPO | C57: VIBRADOR ELECTRICO | D57: DIA | E57: 0.005 | F57: 0 | G57: 34800 | H57: =E57*G57 -> 174 | I57: 3.402 | J57: 5443.2 | L57: 100 | M57: 12 | N57: 080111 | O57: 1.1: LOCALIZACION-REPLANTEO VIAS NO URBANAS | P57: CAP. 1: PLACA HUELLA TRAMO 1 DE ESTACION POLICIA A V.O.R. | Q57: 10
A58: STG3 | G58: SUBTOTAL EQUIPO | H58: =SUM(H57) -> 174 | J58: 39841.2 | L58: 101 | M58: 12 | N58: 080111 | O58: 1.1: LOCALIZACION-REPLANTEO VIAS NO URBANAS | P58: CAP. 1: PLACA HUELLA TRAMO 1 DE ESTACION POLICIA A V.O.R. | Q58: 10
A59: G4 | C59: OTROS | L59: 102 | M59: 12 | N59: 080111 | O59: 1.1: LOCALIZACION-REPLANTEO VIAS NO URBANAS | P59: CAP. 1: PLACA HUELLA TRAMO 1 DE ESTACION POLICIA A V.O.R. | Q59: 10
L60: 103 | M60: 12 | N60: 080111 | O60: 1.1: LOCALIZACION-REPLANTEO VIAS NO URBANAS | P60: CAP. 1: PLACA HUELLA TRAMO 1 DE ESTACION POLICIA A V.O.R. | Q60: 10
A61: STG4 | G61: SUBTOTAL OTROS | H61: 0 | J61: 0 | L61: 104 | M61: 12 | N61: 080111 | O61: 1.1: LOCALIZACION-REPLANTEO VIAS NO URBANAS | P61: CAP. 1: PLACA HUELLA TRAMO 1 DE ESTACION POLICIA A V.O.R. | Q61: 10
L62: 105 | M62: 12 | N62: 080111 | O62: 1.1: LOCALIZACION-REPLANTEO VIAS NO URBANAS | P62: CAP. 1: PLACA HUELLA TRAMO 1 DE ESTACION POLICIA A V.O.R. | Q62: 10
A63: C.D. | F63: COSTO DIRECTO | G63: =SUM(H52+H55+H58) -> 48262.355 | H63: 48262 | I63: 481190.22 | J63: 481190 | L63: 106 | M63: 12 | N63: 080111 | O63: 1.1: LOCALIZACION-REPLANTEO VIAS NO URBANAS | P63: CAP. 1: PLACA HUELLA TRAMO 1 DE ESTACION POLICIA A V.O.R. | Q63: 10
A64: EM_AIU | C64: COSTOS INDIRECTOS
A65: ADM | C65: ADMINISTRACION | F65: 0.19 | H65: 483.74 | J65: 91426.1
A66: IMP | C66: IMPREVISTOS | F66: 0.05 | H66: 127.3 | J66: 24059.5
A67: UTL | C67: UTILIDAD | F67: 0.04 | H67: 101.84 | J67: 19247.6
A68: IVA | C68: IVA SOBRE LA UTILIDAD | F68: 0.19 | H68: 19.35 | J68: 3657.04
A69: STAIU | C69: TOTAL COSTOS INDIRECTOS | H69: 732.23 | J69: 138390.24
A70: TTL | F70: VALOR TOTAL ITEM | G70: 3278.23 | H70: 3278 | J70: 619580
C73: SUMINISTRO E INSTALACION TUBERIA PRESION ,1/2" | H73: UNIDAD: ML
H74: ITEM: 3,5
C75: DESCRIPCION | D75: UND | E75: CANT. | F75: DESP.% | G75: PRECIO UNIT | H75: VALOR TOTAL
C77: MATERIALES
C78: TUBERIA PRESION 1/2" | D78: UND | E78: 0.4 | G78: 9500 | H78: =E78*G78 -> 3800
G79: SUBTOTAL MATERIALES | H79: =SUM(H78:H78) -> 3800
C80: MANO DE OBRA
C81: M.O. ALBANILERIA 1 AYUDANTE | D81: HC | E81: 0.3703 | F81: 0 | G81: 7262 | H81: =E81*G81 -> 2689.1186
G82: SUBTOTAL MANO DE OBRA | H82: =SUM(H81) -> 2689.1186
C83: EQUIPO
C84: HERRAMIENTA MENOR | D84: GLB | E84: 0.0327 | G84: 1600 | H84: =E84*G84 -> 52.32
G85: SUBTOTAL EQUIPO | H85: =SUM(H84:H84) -> 52.32
C86: OTROS
G88: SUBTOTAL OTROS | H88: 0
F90: COSTO DIRECTO | G90: =SUM(H79+H82+H85) -> 6541.4386 | H90: 6541
C93: EXCAVACION Y RELLENO PARA TUBERIAS HIDROSANITARIAS | H93: UNIDAD: ML
H94: ITEM: 3,6
C95: DESCRIPCION | D95: UND | E95: CANT. | F95: DESP.% | G95: PRECIO UNIT | H95: VALOR TOTAL
C97: MATERIALES
C98: ARENA | D98: M3 | E98: 0.045 | F98: 0 | G98: 30500 | H98: =E98*G98 -> 1372.5
G99: SUBTOTAL MATERIALES | H99: =SUM(H98:H98) -> 1372.5
C100: MANO DE OBRA
C101: M.O. ALBANILERIA 1 AYUDANTE | D101: HC | E101: 1.421 | F101: 0 | G101: 7262 | H101: =E101*G101 -> 10319.302
G102: SUBTOTAL MANO DE OBRA | H102: =SUM(H101) -> 10319.302
C103: EQUIPO
C104: HERRAMIENTA MENOR | D104: GLB | E104: 0.0327 | G104: 1600 | H104: =E104*G104 -> 52.32
G105: SUBTOTAL EQUIPO | H105: =SUM(H104:H104) -> 52.32
C106: OTROS
G108: SUBTOTAL OTROS | H108: 0
F110: COSTO DIRECTO | G110: =SUM(H99+H102+H105) -> 11744.122 | H110: 11744
C113: SUMINISTRO E INSTALACION LLAVE RED WHITE | H113: UNIDAD: UND
H114: ITEM: 3,7
C115: DESCRIPCION | D115: UND | E115: CANT. | F115: DESP.% | G115: PRECIO UNIT | H115: VALOR TOTAL
C117: MATERIALES
C118: LLAVE RED WHITE | D118: UND | E118: 1 | F118: 0 | G118: 46800 | H118: =E118*G118 -> 46800
G119: SUBTOTAL MATERIALES | H119: =SUM(H118:H118) -> 46800
C120: MANO DE OBRA
C121: M.O. ALBANILERIA 1 AYUDANTE | D121: HC | E121: 3.876 | F121: 0 | G121: 7262 | H121: =E121*G121 -> 28147.512
G122: SUBTOTAL MANO DE OBRA | H122: =SUM(H121) -> 28147.512
C123: EQUIPO
C124: HERRAMIENTA MENOR | D124: GLB | E124: 0.0327 | G124: 1600 | H124: =E124*G124 -> 52.32
G125: SUBTOTAL EQUIPO | H125: =SUM(H124:H124) -> 52.32
C126: OTROS
...
